 Dungeon Crawl Stone Soup version 0.23.0 (webtiles) character file.

Game seed: 5850592237110536295

384 Morgius the Chucker (level 6, 0/63 HPs)
             Began as an Ogre Hunter on Feb 14, 2019.
             Slain by an orc priest
             ... wielding a +0 club
              (2 damage)
             ... on level 4 of the Dungeon.
             The game lasted 00:07:42 (3348 turns).

Morgius the Chucker (Ogre Hunter)                   Turns: 3348, Time: 00:07:42

Health: 0/63       AC:  7    Str: 19    XL:     6   Next: 77%
Magic:  6/6        EV: 10    Int: 12    God:
Gold:   252        SH:  0    Dex:  9    Spells: 5/5 levels left

rFire    . . .     SeeInvis .   n - +0 club
rCold    . . .     Gourm    .   (no shield)
rNeg     + . .     Faith    .   b - +0 robe
rPois    .         Spirit   .   (helmet restricted)
rElec    .         Reflect  .   (no cloak)
rCorr    .         Harm     .   (gloves unavailable)
MR       .....                  (boots unavailable)
Stlth    ++........             (no amulet)
HPRegen  0.20/turn              i - ring of positive energy
MPRegen  0.10/turn              l - +4 ring of protection

@: no status effects
A: large, unfitting armour, tough skin 1
a: no special abilities


You were on level 4 of the Dungeon.
You were not hungry.

You visited 1 branch of the dungeon, and saw 4 of its levels.

You collected 252 gold pieces.

Inventory:

Hand Weapons
 n - a +0 club (weapon)
Missiles
 e - 7 tomahawks (quivered)
 r - 10 poisoned needles
 t - a throwing net
Armour
 b - a +0 robe (worn)
Jewellery
 h - an uncursed ring of flight
 i - a ring of positive energy (left hand)
 l - a +4 ring of protection (right hand)
Scrolls
 d - 2 scrolls of blinking {unknown}
 j - 2 scrolls of enchant armour {unknown}
 o - a scroll of identify {unknown}
 p - 2 scrolls of remove curse
 q - 6 scrolls of teleportation {unknown}
 s - 2 scrolls of immolation {unknown}
 v - a scroll of fog {unknown}
Potions
 a - a potion of cancellation {unknown}
 g - 4 potions of degeneration {unknown}
 k - a potion of heal wounds {unknown}
 m - a potion of mutation {unknown}
Comestibles
 c - 2 chunks of flesh
 f - 6 rations


   Skills:
 + Level 4.6 Fighting
   Level 0.4 Short Blades
 * Level 3.2 Maces & Flails
 - Level 5.2 Throwing
 - Level 2.0 Dodging
 + Level 2.1 Stealth


You had 5 spell levels left.
You didn't know any spells.
Your spell library was empty.

Dungeon Overview and Level Annotations

Branches:
Dungeon (4/15)
 Temple: D:4-7

Altars:
Ashenzari
The Shining One


Innate Abilities, Weirdness & Mutations

You are too large for most types of armour.
You have tough skin. (AC +1)


Message History

The orc shouts!
The large rock hits the giant cockroach!
You kill the giant cockroach!
The orc barely misses you. The orc priest hits you with a +0 club.
* * * LOW HITPOINT WARNING * * *
The orc hits you from afar with a +0 trident.
* * * LOW HITPOINT WARNING * * *
Unknown command.
Throwing (i - inventory. (/) - cycle)
u - a large rock (quivered)
Press: ? - help, Shift-Dir - straight line, f/p - ogre
Aim: an ogre, wielding a +0 giant club You throw a large rock.
The large rock completely misses the orc priest.
The large rock hits the orc!!
You kill the orc!
The orc priest closely misses you.
The orc hits you from afar with a +0 trident!
* * * LOW HITPOINT WARNING * * *
The orc priest hits you with a +0 club.
You die...

...... ## .... .
.... .## ...#...##
#<.#.#..# #oOo....#
#oZ...... ##### #o#
#...## ##@###
###...#####....##
...#....#.........#
...###..#...#.##..#
..# ###..#.##....##
##..###.#.####....##
...###.....# ....#
...#.......# ...###
..##..##....#...#


You could see an ogre, an orc priest, 3 orcs and a leopard gecko skeleton.

Vanquished Creatures
  Sigmund (D:2)
  A scorpion (D:4)
  An orc priest (D:3)
  An iguana (D:3)
  A hound skeleton (D:4)
  2 adders
  2 worms
  2 dart slugs
  5 orcs
  8 giant cockroaches
  8 goblins
  9 hobgoblins
  2 jackals (D:3)
  3 kobolds
  2 ball pythons (D:4)
  4 bats
  4 frilled lizards
  7 rats
63 creatures vanquished.

Vanquished Creatures (others)
  An orc wizard (D:4)
1 creature vanquished.

Grand Total: 64 creatures vanquished

Notes
Turn   | Place    | Note
-------+----------+-------------------------------------------
     0 | D:1      | Morgius the Ogre Hunter began the quest for the Orb.
     0 | D:1      | Reached XP level 1. HP: 22/22 MP: 1/1
   193 | D:1      | Reached XP level 2. HP: 3/29 MP: 2/2
  1026 | D:2      | Reached XP level 3. HP: 36/36 MP: 3/3
  1316 | D:2      | Noticed Sigmund
  1323 | D:2      | Killed Sigmund
  1323 | D:2      | Reached skill level 5 in Throwing
  1323 | D:2      | Reached skill level 1 in Stealth
  1323 | D:2      | Reached XP level 4. HP: 31/48 MP: 4/4
  1323 | D:2      | Reached XP level 5. HP: 35/54 MP: 5/5
  1908 | D:3      | Reached XP level 6. HP: 21/62 MP: 6/6
  2352 | D:3      | Found a glowing golden altar of the Shining One.
  2833 | D:4      | Noticed a phantom
  2846 | D:4      | Noticed a phantom
  2849 | D:4      | Found a shattered altar of Ashenzari.
  3348 | D:4      | HP: 2/63 [orc/+0 trident (7)]
  3348 | D:4      | Slain by an orc priest

Skill      XL: |  1  2  3  4  5  6 |
---------------+-------------------+-----
Dodging        | 2 |  2.0
Fighting       | 3 4 |  4.6
Maces & Flails | 2 3 |  3.2
Throwing       | 5 |  5.2
Stealth        | 1 2 |  2.1
Short Blades   | |  0.4

Action                   |  1- 3 |  4- 6 || total
-------------------------+-------+-------++-------
Melee: Short sword       |    63 |       ||    63
       Club              |    30 |   223 ||   253
Throw: Large rock        |     6 |    20 ||    26
       Throwing net      |       |     2 ||     2
  Use: Scroll            |     2 |       ||     2
 Stab: Sleeping          |     2 |     2 ||     4
       Held in net/web   |       |     2 ||     2
  Eat: Chunk             |     1 |     7 ||     8
Armor: Robe              |    38 |   114 ||   152
Dodge: Dodged            |    46 |   166 ||   212
